Map: Port Aleksander LE

Players

Astrea - Winner!

  • Race: Protoss Protoss
  • League: Grandmaster
  • Spawn Location: 5:00

JonSnow

  • Race: Zerg Zerg
  • League: Grandmaster
  • Spawn Location: 11:00

Event: 2019 WCS Winter Americas

VOD

Have the link to the VOD?

Description

Time

  • Played on: Feb. 8, 2019, 4:36 p.m.
  • Length: 8:58

All games in this series

Show
View Real Time Build Order
Export as new Build Order

Astrea Protoss - Winner!

Build Orders: 1 Gate Expand, Zealot Archon 

Get SALT Encoding   

  12  0:00  Probe  
  13  0:13  Probe  
  14  0:18  Pylon  
  14  0:25  Probe  
  15  0:33  Probe  
  15  0:40  Gateway  
  15  0:41  Probe  
  16  0:49  Assimilator  
  17  0:51  Probe  
  18  1:03  Probe  
  19  1:15  Probe  
  20  1:26  Nexus  
  20  1:36  Cybernetics Core  
  20  1:39  Probe  
  21  1:45  Assimilator  
  21  1:51  Probe  
  22  1:56  Pylon  
  22  2:03  Probe  
  22  2:04  Adept  
  23  2:15  Probe  
  26  2:23  Twilight Council  
  26  2:24  Warp Gate  
  26  2:27  Probe  
  27  2:34  Stalker, Probe  
  29  2:41  Probe  
  31  2:49  Probe  
  31  2:53  Probe  
  33  3:01  Robotics Facility  
  33  3:02  Charge  
  33  3:03  Probe  
  34  3:05  Probe  
  34  3:11  Probe  
  35  3:18  Probe  
  35  3:19  Probe  
  38  3:30  Probe x2  
  40  3:34  Gateway  
  40  3:37  Gateway  
  40  3:39  Gateway  
  40  3:40  Warp Prism  
  40  3:43  Probe  
  40  3:44  Probe  
  44  3:58  Probe x2, Pylon  
  46  4:03  Pylon  
  46  4:11  Pylon  
  46  4:16  Probe x2, Adept  
  50  4:20  Observer  
  51  4:28  Probe x2  
  53  4:32  Templar Archives  
  53  4:39  Zealot x4  
  53  4:40  Probe  
  53  4:42  Assimilator  
  53  4:43  Probe  
  53  4:44  Assimilator  
  63  4:50  Psionic Storm  
  63  4:52  Probe  
  64  5:02  Zealot x2, Warp Prism  
  64  5:03  Zealot  
  66  5:07  Pylon  
  64  5:35  High Templar  
  64  5:36  High Templar  
  64  5:37  Immortal  
  64  5:38  Forge  
  70  5:45  Gateway  
  70  5:47  Gateway  
  70  5:48  Gateway  
  70  5:51  Gateway  
  70  5:52  Sentry  
  70  5:53  Sentry  
  70  5:56  Probe x2  
  76  6:02  Pylon  
  76  6:03  Pylon  
  76  6:07  Immortal  
  76  6:15  Pylon  
  76  6:21  Protoss Ground Weapons Level 1  
  80  6:31  Nexus  
  79  6:33  High Templar x2  
  79  6:34  Zealot  
  85  6:40  Archon  
  85  6:41  Zealot x2  
  85  6:44  Zealot x2  
  93  6:54  Zealot  
  93  6:55  Zealot  
  97  7:03  Pylon  
  97  7:08  Immortal  
  101  7:20  Pylon  
  101  7:21  Pylon  
  101  7:23  Pylon  
  101  7:32  Pylon  
  101  7:44  High Templar x4  
  101  7:45  Zealot x4  
  117  7:52  Archon  
  117  7:53  Archon  
  117  8:02  Pylon  
  117  8:04  Probe x3  
  120  8:09  Zealot x4  
  128  8:16  Zealot x3, Probe  
  128  8:18  Zealot  
  118  8:35  Zealot x4  
  102  8:43  Zealot  
  102  8:44  Zealot x3  
Show
View Real Time Build Order
Export as new Build Order

JonSnow Zerg 

Build Orders: Hatch First 

Get SALT Encoding   

  12  0:00  Drone  
  13  0:13  Overlord  
  13  0:18  Drone  
  14  0:31  Drone x2  
  16  0:49  Hatchery  
  15  0:53  Drone  
  16  0:57  Drone  
  16  1:00  Drone  
  18  1:07  Extractor  
  17  1:16  Spawning Pool  
  16  1:20  Drone  
  16  1:24  Drone  
  18  1:32  Drone  
  19  1:41  Drone  
  20  1:51  Overlord  
  20  2:03  Queen x2  
  20  2:04  Zergling x2  
  26  2:08  Zergling x2  
  26  2:15  Metabolic Boost  
  26  2:21  Drone x2  
  28  2:25  Drone x2  
  30  2:44  Hatchery  
  30  2:49  Drone x2  
  32  2:51  Drone  
  32  2:54  Drone  
  32  2:57  Overlord  
  33  3:08  Zergling x4  
  33  3:11  Overlord  
  33  3:12  Drone  
  36  3:17  Drone x3  
  39  3:28  Queen  
  39  3:30  Lair  
  41  3:36  Drone x3  
  44  3:41  Overlord  
  44  3:47  Roach Warren  
  41  3:55  Spore Crawler  
  41  3:56  Drone x3  
  41  3:58  Drone  
  44  4:04  Overlord  
  44  4:06  Drone x3  
  44  4:09  Extractor  
  46  4:10  Extractor  
  45  4:27  Roach x6  
  57  4:34  Overseer  
  57  4:36  Drone x3  
  60  4:40  Queen  
  62  4:46  Overlord x2  
  62  4:51  Roach  
  64  4:57  Roach  
  65  5:02  Roach  
  65  5:05  Drone x5  
  67  5:12  Glial Reconstitution  
  67  5:15  Roach  
  69  5:23  Drone x5  
  74  5:33  Roach x2  
  78  5:38  Overseer  
  78  5:39  Roach  
  80  5:46  Overlord  
  80  5:49  Overlord  
  80  5:55  Zergling x2  
  80  5:57  Overlord x2  
  81  6:02  Evolution Chamber  
  80  6:11  Roach  
  80  6:12  Roach x7  
  80  6:17  Roach x2  
  99  6:27  Drone x5  
  99  6:31  Roach  
  103  6:33  Drone x2  
  103  6:36  Roach  
  106  6:44  Roach x2  
  110  6:48  Roach  
  110  6:50  Zerg Missile Weapons Level 1  
  110  6:53  Roach  
  114  6:56  Overlord x2  
  114  7:04  Overlord  
  114  7:07  Overlord  
  114  7:13  Roach  
  114  7:14  Roach x2  
  111  7:15  Drone x2  
  111  7:16  Drone x4  
  111  7:20  Drone  
  117  7:23  Extractor  
  117  7:25  Infestation Pit  
  117  7:26  Drone x5  
  117  7:29  Drone x3  
  123  7:30  Extractor  
  123  7:31  Drone  
  123  7:35  Drone  
  123  7:37  Drone  
  123  7:40  Extractor  
  123  7:42  Overlord  
  123  7:45  Roach  
  123  7:46  Overlord  
  125  7:54  Roach, Queen  
  129  7:59  Roach x4  
  129  8:00  Roach  
  129  8:03  Overlord, Zergling x2  
  140  8:07  Overlord  
  140  8:11  Ravager x5  
  140  8:12  Ravager x2  
  147  8:14  Roach x3  
  147  8:18  Roach  
  154  8:20  Roach x2  
  154  8:21  Ravager  
  157  8:30  Roach  
  157  8:33  Roach x3  
  157  8:34  Roach x5  
  144  8:36  Roach  
Tags
 
Add a new tag
Caveats
  • Supply blocks, unpowered buildings, or Contaminate may cause inaccurate times.
  • Supply counts are checked every 10 seconds.